3AAA
ELLENBURG FIGHTING DACHSUNDS @ ATHLETIC CLUB KC RESERVES
07/16/2042
 
TOP OF THE 1ST
Ellenburg Fighting Dachsunds batting - Pitching for Athletic Club KC Reserves : RHP Ignacio Ayala
Pitching: RHP Ignacio Ayala
Batting: LHB Tony Worley 0-0: Ball
1-0: Ball
2-0: Swinging Strike
2-1: Foul Ball, location: 2F
2-2: Foul Ball, location: 2F
2-2: Strikes out swinging
Batting: RHB Jesse Garrett 0-0: Called Strike
0-1: Ball
1-1: Reached on error, E5 (Groundball, 56, EV 103.1 MPH)
Batting: LHB Mike Johnstone 0-0: Ball
1-0: Ball
2-0: SINGLE (Flyball, 7S, EV 95.6 MPH)
Jesse Garrett to second
Batting: RHB Sze Qi 0-0: Ball
1-0: Swinging Strike
1-1: Swinging Strike
1-2: Ball
2-2: Foul Ball, location: 2F
2-2: Ball
3-2: DOUBLE (Line Drive, 78XD, EV 109.4 MPH)
Jesse Garrett scores
Mike Johnstone to third
Batting: LHB Sergio Morán 0-0: Called Strike
0-1: Ball
1-1: Foul Ball, location: 2F
1-2: Ball
2-2: Ball
3-2: Fly out, F3 (Popup, 3SF, EV 78.1 MPH)
Batting: LHB Larry Moore 0-0: Ball
1-0: Ground out 1-3 (Groundball, 23, EV 70.0 MPH)
Top of the 1st over - 1 run, 2 hits, 1 error, 2 left on base; Ellenburg 1 - Athletic Club KC 0
BOTTOM OF THE 1ST
Athletic Club KC Reserves batting - Pitching for Ellenburg Fighting Dachsunds : RHP Jessie Young
Pitching: RHP Jessie Young
Batting: RHB Marcos Quintana 0-0: Ground out U3 (Groundball, 34S, EV 91.2 MPH)
Batting: RHB Terry Kurucz 0-0: Ball
1-0: Ball
2-0: Foul Ball, location: 2F
2-1: Foul Ball, location: 2F
2-2: Ball
3-2: Base on Balls
Batting: RHB Dick Barnett 0-0: Ball
1-0: Foul Ball, location: 2F
1-1: Foul Ball, location: 2F
1-2: Strikes out swinging
Batting: LHB Oriol Fernández 0-0: Ball
1-0: Ball
2-0: Called Strike
2-1: 2-RUN HOME RUN (Line Drive, 9LD, EV 105.6 MPH), Distance : 347 ft
Batting: SHB Michael Evershed 0-0: Ball
1-0: Called Strike
1-1: Called Strike
1-2: Foul Ball, location: 2F
1-2: Fly out, F7 (Flyball, 78M, EV 91.2 MPH)
Bottom of the 1st over - 2 runs, 1 hit, 0 errors, 0 left on base; Ellenburg 1 - Athletic Club KC 2
TOP OF THE 2ND
Ellenburg Fighting Dachsunds batting - Pitching for Athletic Club KC Reserves : RHP Ignacio Ayala
Batting: RHB Dean Bush 0-0: Called Strike
0-1: Ball
1-1: Ball
2-1: Called Strike
2-2: Foul Ball, location: 2F
2-2: Strikes out swinging
Batting: RHB Alexander Conley 0-0: Fly out, F7 (Flyball, 7, EV 82.5 MPH)
Batting: RHB Kent Potter 0-0: Ball
1-0: Called Strike
1-1: Ball
2-1: Called Strike
2-2: Strikes out looking
Top of the 2nd over - 0 runs, 0 hits, 0 errors, 0 left on base; Ellenburg 1 - Athletic Club KC 2
BOTTOM OF THE 2ND
Athletic Club KC Reserves batting - Pitching for Ellenburg Fighting Dachsunds : RHP Jessie Young
Batting: LHB Miguel Fernández 0-0: Called Strike
0-1: Ball
1-1: Swinging Strike
1-2: Ball
2-2: Ground out 1-3 (Groundball, 34S, EV 82.5 MPH)
Batting: LHB Ted Reed 0-0: Ball
1-0: Swinging Strike
1-1: Ball
2-1: Ball
3-1: Foul Ball, location: 2F
3-2: Base on Balls
Batting: LHB Thomas Nealy 0-0: Called Strike
0-1: Swinging Strike
0-2: Ball
1-2: Ball
2-2: Ball
Ted Reed is caught stealing 2nd base 2-6
3-2: Strikes out swinging
Bottom of the 2nd over - 0 runs, 0 hits, 0 errors, 0 left on base; Ellenburg 1 - Athletic Club KC 2
TOP OF THE 3RD
Ellenburg Fighting Dachsunds batting - Pitching for Athletic Club KC Reserves : RHP Ignacio Ayala
Batting: LHB Tony Worley 0-0: Called Strike
0-1: Foul Ball, location: 2F
0-2: Ball
1-2: Ball
2-2: Strikes out swinging
Batting: RHB Jesse Garrett 0-0: Foul Ball, location: 2F
0-1: Ball
1-1: Fly out, F7 (Flyball, 7S, EV 78.1 MPH)
Batting: LHB Mike Johnstone 0-0: Called Strike
0-1: Ball
1-1: Foul Ball, location: 2F
1-2: Foul Ball, location: 2F
1-2: Fly out, F8 (Line Drive, 8RD, EV 87.5 MPH)
Top of the 3rd over - 0 runs, 0 hits, 0 errors, 0 left on base; Ellenburg 1 - Athletic Club KC 2
BOTTOM OF THE 3RD
Athletic Club KC Reserves batting - Pitching for Ellenburg Fighting Dachsunds : RHP Jessie Young
Batting: RHB Gabriel Martínez 0-0: Ball
1-0: Ball
2-0: Ground out U3 (Groundball, 34, EV 78.8 MPH)
Batting: RHB Marcos Quintana 0-0: SINGLE (Line Drive, 56D, EV 98.8 MPH)
Batting: RHB Terry Kurucz 0-0: Ball
1-0: Foul Ball, location: 2F
1-1: Ball
2-1: Foul Ball, location: 2F
2-2: Strikes out swinging
Batting: RHB Dick Barnett 0-0: Ball
1-0: Ball
2-0: Ball
3-0: Base on Balls
Marcos Quintana to second
Batting: LHB Oriol Fernández 0-0: Ball
1-0: Called Strike
1-1: Foul Ball, location: 2F
1-2: Ball
2-2: Ball
3-2: Strikes out looking
Bottom of the 3rd over - 0 runs, 1 hit, 0 errors, 2 left on base; Ellenburg 1 - Athletic Club KC 2
TOP OF THE 4TH
Ellenburg Fighting Dachsunds batting - Pitching for Athletic Club KC Reserves : RHP Ignacio Ayala
Batting: RHB Sze Qi 0-0: Ball
1-0: SINGLE (Line Drive, 6D, EV 95.0 MPH)
Batting: LHB Sergio Morán 0-0: Fly out, F8 (Flyball, 78M, EV 90.0 MPH)
Batting: LHB Larry Moore 0-0: Ball
1-0: Swinging Strike
1-1: Ball
2-1: Ball
3-1: Base on Balls
Sze Qi to second
Batting: RHB Dean Bush 0-0: Called Strike
0-1: Foul Ball, location: 2F
0-2: Ball
1-2: Strikes out swinging
Batting: RHB Alexander Conley 0-0: Called Strike
0-1: Ball
1-1: Ground out 5-3 (Groundball, 5S, EV 88.8 MPH)
Top of the 4th over - 0 runs, 1 hit, 0 errors, 2 left on base; Ellenburg 1 - Athletic Club KC 2
BOTTOM OF THE 4TH
Athletic Club KC Reserves batting - Pitching for Ellenburg Fighting Dachsunds : RHP Jessie Young
Batting: SHB Michael Evershed 0-0: Ball
1-0: Foul Ball, location: 2F
1-1: Ball
2-1: Called Strike
2-2: Ball
3-2: Strikes out swinging
Batting: LHB Miguel Fernández 0-0: Swinging Strike
0-1: Ground out 4-3 (Groundball, 4, EV 82.5 MPH)
Batting: LHB Ted Reed 0-0: Ball
1-0: Ball
2-0: Ball
3-0: Base on Balls
Batting: LHB Thomas Nealy 0-0: Foul Ball, location: 2F
0-1: Foul Ball, location: 2F
0-2: Ball
1-2: Ground out 4-3 (Groundball, 4, EV 90.6 MPH)
Bottom of the 4th over - 0 runs, 0 hits, 0 errors, 1 left on base; Ellenburg 1 - Athletic Club KC 2
TOP OF THE 5TH
Ellenburg Fighting Dachsunds batting - Pitching for Athletic Club KC Reserves : RHP Ignacio Ayala
Batting: RHB Kent Potter 0-0: SINGLE (Line Drive, 8RS, EV 100.6 MPH)
Batting: LHB Tony Worley 0-0: Bunted foul
0-1: Sac Bunt to P - play at first, batter OUT! 1-4
Kent Potter to second
Batting: RHB Jesse Garrett 0-0: Swinging Strike
0-1: Foul Ball, location: 2F
0-2: SINGLE (Line Drive, 6MD, EV 96.9 MPH)
Kent Potter to third
Runner from 3rd tries for Home, SAFE, throw by CF to home
Batting: LHB Mike Johnstone 0-0: Ball
1-0: Foul Ball, location: 2F
1-1: Ball
2-1: Ball
3-1: 2-RUN HOME RUN (Flyball, 7LD, EV 104.4 MPH), Distance : 339 ft
Batting: RHB Sze Qi 0-0: Called Strike
0-1: Ball
1-1: Called Strike
1-2: Ball
2-2: Fly out, F8 (Flyball, 89M, EV 75.0 MPH)
Batting: LHB Sergio Morán 0-0: Ball
1-0: Called Strike
1-1: Swinging Strike
1-2: Ball
2-2: Strikes out swinging
Top of the 5th over - 3 runs, 3 hits, 0 errors, 0 left on base; Ellenburg 4 - Athletic Club KC 2
BOTTOM OF THE 5TH
Athletic Club KC Reserves batting - Pitching for Ellenburg Fighting Dachsunds : RHP Jessie Young
Batting: RHB Gabriel Martínez 0-0: Ball
1-0: Called Strike
1-1: Ball
2-1: Foul Ball, location: 2F
2-2: Foul Ball, location: 2F
2-2: Ball
3-2: Foul Ball, location: 2F
3-2: Hit by Pitch
Batting: RHB Marcos Quintana 0-0: Ball
1-0: Bunted foul
1-1: Sac Bunt to P - play at first, batter OUT! 1-4
Gabriel Martínez to second
Batting: RHB Terry Kurucz 0-0: Swinging Strike
0-1: Swinging Strike
0-2: Foul Ball, location: 2F
0-2: Foul Ball, location: 2F
0-2: Strikes out swinging
Batting: RHB Dick Barnett 0-0: Called Strike
0-1: Foul Ball, location: 2F
0-2: Strikes out swinging
Bottom of the 5th over - 0 runs, 0 hits, 0 errors, 1 left on base; Ellenburg 4 - Athletic Club KC 2
TOP OF THE 6TH
Ellenburg Fighting Dachsunds batting - Pitching for Athletic Club KC Reserves : RHP Ignacio Ayala
Batting: LHB Larry Moore 0-0: Swinging Strike
0-1: Ground out 1-3 (Groundball, 13, EV 83.1 MPH)
Batting: RHB Dean Bush 0-0: Ball
1-0: Foul Ball, location: 2F
1-1: Foul Ball, location: 2F
1-2: Strikes out looking
Batting: RHB Alexander Conley 0-0: Ball
1-0: Ball
2-0: Called Strike
2-1: Foul Ball, location: 2F
2-2: Fly out, F8 (Flyball, 8LD, EV 98.1 MPH)
Top of the 6th over - 0 runs, 0 hits, 0 errors, 0 left on base; Ellenburg 4 - Athletic Club KC 2
BOTTOM OF THE 6TH
Athletic Club KC Reserves batting - Pitching for Ellenburg Fighting Dachsunds : RHP Jessie Young
Batting: LHB Oriol Fernández 0-0: Ball
1-0: Ball
2-0: Called Strike
2-1: Ball
3-1: Called Strike
3-2: Base on Balls
Pitching: RHP Larry Henderson
Batting: SHB Michael Evershed 0-0: Called Strike
0-1: Foul Ball, location: 2F
0-2: SINGLE (Line Drive, 4D, EV 98.8 MPH)
Oriol Fernández to second
Runner from 2nd tries for 3rd, SAFE, no throw by CF
Batting: LHB Miguel Fernández 0-0: Ball
1-0: Fielders Choice at 2nd, 6-4 (Groundball, 6, EV 87.5 MPH)
Oriol Fernández scores
Batting: LHB Ted Reed 0-0: Ball
1-0: Fly out, F6 (Popup, 6MD, EV 45.0 MPH)
Batting: LHB Thomas Nealy 0-0: Called Strike
0-1: Fly out, F6 (Popup, 6MS, EV 82.5 MPH)
Bottom of the 6th over - 1 run, 1 hit, 0 errors, 1 left on base; Ellenburg 4 - Athletic Club KC 3
TOP OF THE 7TH
Ellenburg Fighting Dachsunds batting - Pitching for Athletic Club KC Reserves : RHP Ignacio Ayala
Pitching: RHP Rick Knapp
Batting: RHB Kent Potter 0-0: Ball
1-0: Ball
2-0: Ball
3-0: Called Strike
3-1: Reached via error on a dropped throw from 1B, E1 (Groundball, 34, EV 91.9 MPH)
Batting: LHB Tony Worley 0-0: Ball
1-0: Bunt - Flyout to 15! F1
Batting: RHB Jesse Garrett 0-0: Ball
1-0: Called Strike
Kent Potter is caught stealing 2nd base 2-4
1-1: Ball
2-1: Swinging Strike
2-2: Ball
3-2: Strikes out swinging
Top of the 7th over - 0 runs, 0 hits, 1 error, 0 left on base; Ellenburg 4 - Athletic Club KC 3
BOTTOM OF THE 7TH
Athletic Club KC Reserves batting - Pitching for Ellenburg Fighting Dachsunds : RHP Larry Henderson
Now at 2B: Zhen-bang Kwan
Batting: RHB Gabriel Martínez 0-0: Called Strike
0-1: Foul Ball, location: 2F
0-2: Ball
1-2: Foul Ball, location: 2F
1-2: Ball
2-2: Foul Ball, location: 2F
2-2: Ball
3-2: Base on Balls
Batting: RHB Marcos Quintana 0-0: Ball
1-0: Sac Bunt to 15S - play at first, batter OUT! 1-4
Gabriel Martínez to second
Batting: RHB Terry Kurucz 0-0: Ball
1-0: Ball
2-0: Ball
3-0: Base on Balls
Batting: RHB Dick Barnett 0-0: Ball
Gabriel Martínez steals 3rd base
Terry Kurucz to second
1-0: Called Strike
1-1: DOUBLE (Groundball, 5L, EV 103.1 MPH)
Gabriel Martínez scores
Terry Kurucz scores
Batting: LHB Oriol Fernández 0-0: Intentional Walk
Batting: SHB Michael Evershed 0-0: Ball
1-0: Grounds into double play, 6-4-3 (Groundball, 6, EV 86.2 MPH)
Bottom of the 7th over - 2 runs, 1 hit, 0 errors, 1 left on base; Ellenburg 4 - Athletic Club KC 5
TOP OF THE 8TH
Ellenburg Fighting Dachsunds batting - Pitching for Athletic Club KC Reserves : RHP Rick Knapp
Pitching: RHP Grant Gremel
Batting: LHB Mike Johnstone 0-0: Foul Ball, location: 2F
0-1: Foul Ball, location: 2F
0-2: Ball
1-2: Foul Ball, location: 2F
1-2: Foul Ball, location: 2F
1-2: Ball
2-2: Foul Ball, location: 2F
2-2: Foul Ball, location: 2F
2-2: Foul Ball, location: 2F
2-2: Foul Ball, location: 2F
2-2: Foul Ball, location: 2F
2-2: Foul Ball, location: 2F
2-2: Fly out, F6 (Flyball, 6MD, EV 92.5 MPH)
Batting: RHB Sze Qi 0-0: Called Strike
0-1: Foul Ball, location: 2F
0-2: Fly out, F7 (Flyball, 7S, EV 75.0 MPH)
Batting: LHB Sergio Morán 0-0: Foul Ball, location: 2F
0-1: DOUBLE (Flyball, 8RXD, EV 101.2 MPH)
Pinch Hitting: LHB Javier Castro 0-0: Ball
1-0: Called Strike
1-1: Foul Ball, location: 2F
1-2: Foul Ball, location: 2F
1-2: Strikes out swinging
Top of the 8th over - 0 runs, 1 hit, 0 errors, 1 left on base; Ellenburg 4 - Athletic Club KC 5
BOTTOM OF THE 8TH
Athletic Club KC Reserves batting - Pitching for Ellenburg Fighting Dachsunds : RHP Larry Henderson
Now in RF: Javier Castro
Batting: LHB Miguel Fernández 0-0: Called Strike
0-1: Called Strike
0-2: Strikes out looking
Batting: LHB Ted Reed 0-0: Ball
1-0: Ball
2-0: Called Strike
2-1: Foul Ball, location: 2F
2-2: Ball
3-2: Strikes out swinging
Batting: LHB Thomas Nealy 0-0: Ball
1-0: Ball
2-0: Ball
3-0: Called Strike
3-1: Foul Ball, location: 2F
3-2: Foul Ball, location: 2F
3-2: Base on Balls
Batting: RHB Gabriel Martínez 0-0: Swinging Strike
0-1: Hit by Pitch
Thomas Nealy to second
Batting: RHB Marcos Quintana 0-0: Ball
1-0: Ball
2-0: Called Strike
2-1: Ball
3-1: Base on Balls
Thomas Nealy to third
Gabriel Martínez to second
Batting: RHB Terry Kurucz 0-0: Ball
1-0: DOUBLE (Line Drive, 9LM, EV 108.1 MPH)
Thomas Nealy scores
Gabriel Martínez scores
Marcos Quintana to third
Runner from 3rd tries for Home, SAFE, throw by RF to trailing runner, SAFE at third!
Pitching: LHP Tomás Alfonso
Batting: RHB Dick Barnett 0-0: Intentional Walk
Batting: LHB Oriol Fernández 0-0: Ball
1-0: Swinging Strike
1-1: Ball
2-1: Foul Ball, location: 2F
2-2: Strikes out swinging
Bottom of the 8th over - 3 runs, 1 hit, 0 errors, 2 left on base; Ellenburg 4 - Athletic Club KC 8
TOP OF THE 9TH
Ellenburg Fighting Dachsunds batting - Pitching for Athletic Club KC Reserves : RHP Grant Gremel
Batting: RHB Dean Bush 0-0: Fly out, F1 (Line Drive, P, EV 68.8 MPH)
Batting: RHB Alexander Conley 0-0: Called Strike
0-1: Ball
1-1: Swinging Strike
1-2: Ground out 6-3 (Groundball, 6, EV 88.1 MPH)
Batting: RHB Kent Potter 0-0: Called Strike
0-1: Ball
1-1: Foul Ball, location: 2F
1-2: Fly out, F7 (Flyball, 7S, EV 84.4 MPH)
Top of the 9th over - 0 runs, 0 hits, 0 errors, 0 left on base; Ellenburg 4 - Athletic Club KC 8
Friday, March 26th, 2021 - OOTP Baseball 20.8 Build 74